 Dungeon Crawl Stone Soup version 0.31-a0-263-ge8cad7f256 (webtiles) character file.

Game seed: 6786011226138401481

44 qw the Shooter (level 3, -1/21 HPs)
             Began as a Gargoyle Hexslinger on July 13, 2023.
             Slain by a gnoll
             ... wielding a +0 flail
              (7 damage)
             ... on level 2 of the Dungeon.
             The game lasted 00:00:32 (895 turns).

qw the Shooter (Gargoyle Hexslinger)                 Turns: 895, Time: 00:00:32

Health: -1/21      AC:  8    Str: 11    XL:     3   Next: 60%
Magic:  4/4        EV: 10    Int: 13    God:
Gold:   55         SH:  0    Dex: 14    Spells: 3/4 levels left

rFire   . . .        Y - +0 shortbow
rCold   . . .        (shield currently unavailable)
rNeg    + . .        d - +0 ring mail
rPois   inf          (no helmet)
rElec   +            (no cloak)
rCorr   .            (no gloves)
SInv    .            (no boots)
Will    .....        (no amulet)
Stlth   +            (no ring)
HPRegen 0.23/turn    (no ring)
MPRegen 0.09/turn

%: no passive effects
@: no status effects
A: sickness immunity, AC +3, negative energy resistance 1, electricity
resistance, torment resistance 1, petrification resistance
a: no special abilities


You were on level 2 of the Dungeon.
You visited 1 branch of the dungeon, and saw 2 of its levels.

You collected 55 gold pieces.


Innate Abilities, Weirdness & Mutations

You are immune to sickness and miasma.
Your stone body is resilient. (AC +3)
You are immune to poison.
You resist negative energy. (rN+)
You are resistant to electric shocks. (rElec)
You are resistant to unholy torment.
You are immune to petrification.


   Skills:
 - Level 2.0 Fighting
 + Level 3.5 Ranged Weapons
 - Level 1.5 Dodging
 - Level 1.0 Spellcasting
 - Level 2.6 Hexes


You had 3 spell levels left.
You knew the following spells:

 Your Spells              Type           Power      Damage    Failure   Level
a - Slow                  Hex            28%        N/A       22%         1

Your spell library contained the following spells:

 Spells                   Type           Power      Damage    Failure   Level
 Inner Flame              Hex/Fire       4%         N/A       75%         3
 Portal Projectile        Hex/Tloc       8%         N/A       75%         3
 Cause Fear               Hex            3%         N/A       92%         4

Inventory:

Hand Weapons
 Y - a +0 shortbow (weapon)
Armour
 c - a +0 cloak
 d - a +0 ring mail (worn)
 h - the +0 cloak of Dishonour {rC+}
   (You found it on level 2 of the Dungeon)

   rC:        It protects you from cold.
Scrolls
 a - 2 scrolls of fear {unknown}
 e - a scroll of torment {unknown}
Potions
 b - a potion of attraction {unknown}
 f - a potion of lignification {unknown}
 g - a potion of curing {unknown}

Dungeon Overview and Level Annotations

Branches:
Dungeon (2/15)

Altars:
Xom


Message History

You shoot an arrow. The arrow hits the ball python.
The ball python is moderately wounded.
The ball python closely misses you. x2
You shoot an arrow. The arrow hits the ball python.
The ball python is severely wounded.
The ball python closely misses you. The ball python barely misses you.
A gnoll comes into view. It is wielding a +0 spear.
The ball python misses you. The ball python grabs you.
The ball python constricts you.
You shoot an arrow.
The arrow closely misses the ball python.
The arrow hits the gnoll but does no damage.
You hear a shout!
The ball python bites you but does no damage.
The ball python constricts you.
A gnoll comes into view. It is wielding a +0 flail.
The ball python bites you but does no damage.
The ball python constricts you.
You shoot an arrow. The arrow hits the ball python!
You kill the ball python!
You shoot an arrow. The arrow closely misses the gnoll. x3
The gnoll closely misses you.
You shoot an arrow.
The arrow hits the gnoll but does no damage.
The gnoll barely misses you.
You shoot an arrow. The arrow closely misses the gnoll.
A gnoll comes into view. It is wielding a +0 club.
The gnoll hits you with a +0 flail! The gnoll hits you but does no damage.
The gnoll barely misses you.
You shoot an arrow. The arrow hits the gnoll.
The gnoll is moderately wounded.
The gnoll hits you from afar with a +0 spear.
The gnoll hits you with a +0 flail. The gnoll closely misses you.
You shoot an arrow.
The arrow hits the gnoll but does no damage.
The gnoll is moderately wounded.
The gnoll hits you but does no damage.
You shoot an arrow. The arrow barely misses the gnoll.
The gnoll barely misses you. The gnoll hits you with a +0 flail!
You die...

#########
#.....g@#
########.#####g#
#.........# #g#
#.........####g#
#.######........
.##.## #...###.#
.#...# #...# #.#
...#.# #...# #.#
.#...# #...#


You could see 4 gnolls.

Vanquished Creatures
  2 dart slugs
  3 bats
  3 endoplasms (D:2)
  2 giant cockroaches
  5 goblins
  6 hobgoblins
  4 jackals (D:2)
  3 ball pythons
  2 frilled lizards
  3 rats
33 creatures vanquished.

Notes
Turn   | Place    | Note
-------+----------+-------------------------------------------
     0 | D:1      | qw the Gargoyle Hexslinger began the quest for the Orb.
     0 | D:1      | Reached XP level 1. HP: 12/12 MP: 2/2
     0 | D:1      | 0 ||| qw: Version: 0.3-a-52-g30416fa
     0 | D:1      | 0 ||| qw: Game counter: 7232
     0 | D:1      | 0 ||| qw: Melee chars always use a shield: true
     0 | D:1      | 0 ||| qw: God list: Okawaru
     0 | D:1      | 0 ||| qw: Allow faded altars: false
     0 | D:1      | 0 ||| qw: Do Orc after clearing Dungeon:15 true
     0 | D:1      | 0 ||| qw: Do second Lair branch before Depths: true
     0 | D:1      | 0 ||| qw: Lair rune preference: random
     0 | D:1      | 0 ||| qw: Goals: Normal
     0 | D:1      | 0 ||| PLANNING D:1-11
    77 | D:1      | Found a faded altar of an unknown god.
    78 | D:1      | 78 ||| SWAPPING to +0 shortbow.
    92 | D:1      | 92 ||| DROPPING +1 sling.
   128 | D:1      | Reached XP level 2. HP: 16/16 MP: 3/3
   274 | D:1      | Reached skill level 3 in Ranged Weapons
   565 | D:1      | 565 ||| UPGRADING to +0 ring mail.
   575 | D:1      | 575 ||| DROPPING +0 robe.
   576 | D:1      | 576 ||| READING scroll labelled PAC PI PUGYK.
   577 | D:1      | 577 ||| READING scroll labelled GUENATRUGAPN.
   578 | D:1      | 578 ||| READING scroll labelled IJA WANADAIRI.
   579 | D:1      | 579 ||| DROPPING scroll of poison.
   658 | D:2      | Reached XP level 3. HP: 11/21 MP: 4/4
   729 | D:2      | Found a shimmering altar of Xom.
   820 | D:2      | 820 ||| FLEEEEING.
   821 | D:2      | 821 ||| FLEEEEING.
   861 | D:2      | Identified the +0 cloak of Dishonour {rC+}
   895 | D:2      | Slain by a gnoll

Levels and vault maps discovered:
D:1:      minmay_arrival_up_and_down, layout_basic,
          dreamdust_ecumenical_altar_statues
D:2:      layout_loops_ring, serial_shops,
          nicolae_shop_competitors_out_of_business, nicolae_shop_behind_doors,
          basic_altar

Skill      XL: |  1  2 |
---------------+-------+-----
Ranged Weapons | 3 |  3.5
Fighting       | 2 |  2.0
Dodging        | |  1.5
Spellcasting   | |  1.0
Hexes          | |  2.6

Action                     || total
---------------------------++-------
   Fire: Shortbow          ||   130
         Sling             ||    16
    Use: Scroll            ||     3
 Armour: Robe              ||    13
         Ring mail         ||    41
  Dodge: Dodged            ||    95

Table legend:
 A = Non-vault XP
 B = Vault XP
 C = Vault XP percentage of total XP
 D = Non-vault monster count
 E = Vault monster count
 F = Vault count percentage of total count
                 A         B        C        D         E       F
            +---------+---------+-------+---------+---------+-------
      Total |      63 |       0 |   0.0 |      33 |       0 |   0.0
            +---------+---------+-------+---------+---------+-------
        D:1 |      28 |       0 |   0.0 |      15 |       0 |   0.0
        D:2 |      35 |       0 |   0.0 |      18 |       0 |   0.0
            +---------+---------+-------+---------+---------+-------
